 Seeded DCSS version 0.28.0-1-gb440e238dd (webtiles) character file.

Game seed: 10844669733645250963 (custom seed)

321 hikkokomori the Shield-Bearer (level 6, -14/50 HPs)
             Began as a Formicid Fighter on Feb 25, 2022.
             Demolished by an ogre (27 damage)
             ... on level 4 of the Dungeon.
             The game lasted 00:08:07 (2938 turns).

hikkokomori the Shield-Bearer (Formicid Fighter)    Turns: 2938, Time: 00:08:07

Health: -14/50     AC:  9    Str: 21    XL:     6   Next: 76%
Magic:  6/6        EV: 10    Int:  7    God:
Gold:   121        SH:  5    Dex: 12    Spells: 5/5 levels left

rFire   . . .      SeeInvis +   a - +0 war axe
rCold   + . .      Faith    .   c - +0 buckler
rNeg    . . .      Spirit   .   i - +2 ring mail {rC+}
rPois   .          Reflect  .   (helmet unavailable)
rElec   .          Harm     .   (no cloak)
rCorr   .          Rampage  .   (no gloves)
Will    .....                   n - +0 pair of boots
Stlth   +.........              (no amulet)
HPRegen 0.16/turn               (no ring)
MPRegen 0.10/turn               (no ring)

@: no status effects
A: permanent stasis, dig shafts and tunnels, antennae 3, four strong arms
a: Dig, Shaft Self


You were on level 4 of the Dungeon.
You visited 1 branch of the dungeon, and saw 4 of its levels.

You collected 121 gold pieces.

Inventory:

Hand Weapons
 a - a +0 war axe (weapon)
 m - the +9 heavy crossbow "Sniper" {vorpal, Acc+∞ SInv}
   (You found it on level 2 of the Dungeon)

   Any ammunition fired from it inflicts extra damage upon your enemies.
   Any ammunition fired from it never misses its target.
   SInv:      It lets you see invisible.
Armour
 b - a +0 scale mail
 c - a +0 buckler (worn)
 i - a +2 ring mail of cold resistance (worn)
 n - a +0 pair of boots (worn)
Jewellery
 f - a ring of willpower
Scrolls
 e - 3 scrolls of identify
 g - a scroll of immolation
 k - a scroll of summoning
 l - a scroll of enchant weapon
 o - a scroll of teleportation {unknown}
 p - a scroll of torment {unknown}
Potions
 d - a potion of might
 h - a potion of curing
 j - a potion of flight
 q - a potion of mutation {unknown}
 r - a potion of attraction {unknown}


   Skills:
 + Level 4.8 Fighting
 - Level 2.9 Axes
 + Level 2.0 Crossbows
 + Level 4.7 Armour
 + Level 5.2 Shields


You had 5 spell levels left.
You didn't know any spells.
Your spell library contained the following spells:

 Spells                   Type           Power      Damage    Failure   Level
 Fireball                 Conj/Fire      0%         3d3       100%        5
 Iskenderun's Battlesphe  Conj           0%         2d6       100%        5
 Conjure Ball Lightning   Conj/Air       0%         3x3d6     100%        6
 Orb of Destruction       Conj           0%         9d5       100%        7


Dungeon Overview and Level Annotations

Branches:
Dungeon (4/15)
 Temple: D:4-7

Altars:


Innate Abilities, Weirdness & Mutations

You cannot be hasted, slowed, berserked, paralysed or teleported.
You can dig through walls and to a lower floor.
You have a pair of large antennae on your head. (SInv)
Your four strong arms can wield two-handed weapons with a shield.


Message History

Unknown command.
You close the door.
An ogre opens the door.
You close the door.
An ogre opens the door.
You close the door.
An ogre opens the door.
You close the door.
An ogre opens the door.
You close the door.
An ogre opens the door.
You close the door.
An ogre opens the door.
You close the door.
An ogre opens the door.
As you close the door, it creaks loudly!
An ogre opens the door.
You close the door.
An ogre opens the door.
You close the door.
An ogre opens the door.
You close the door.
An ogre opens the door.
As you close the door, it creaks loudly!
An ogre breaks down the door.
There is an open door here.
You close the door.
An ogre breaks down the door.
You hit the ogre.
The ogre is lightly wounded.
The ogre hits you with a +0 giant spiked club!!
Ouch! That really hurt!
* * * LOW HITPOINT WARNING * * *
The ogre misses you.
You slash the ogre!
The ogre is moderately wounded.
The ogre closely misses you.
You hit the ogre.
The ogre is moderately wounded.
The ogre barely misses you.
There is an open door here.
There is an open door here.
There is an open door here.
There is an open door here.
You remove your ring of willpower.
There is a stone staircase leading up here.
Okay, then.
You feel better.
The ogre hits you with a +0 giant spiked club!!
Ouch! That really hurt!
You die...

#.# +...'.# #.#
###...### #.#
#.......# #.#
#+#...#'# #########.#
#.#...#.. ..........#
#.##+##.. .....###.##
#.#..##..
#.#......#####.#.###g#
#....@O.g..........#.#
#.####...#####.###.#.#
##.## #.......# #.#
#.###.#.# #.#
#.......# #+#
#.###.### #.# #.. #.#
###


You could see an ogre and a hobgoblin.

Vanquished Creatures
  Sigmund (D:3)
  A centaur skeleton (D:3)
  Robin (D:2)
  An adder (D:1)
  4 worms
  2 dart slugs
  5 orcs
  13 bats
  9 endoplasms
  5 giant cockroaches
  16 goblins
  7 hobgoblins
  2 quokkas (D:1)
  9 ball pythons
  3 frilled lizards (D:1)
  7 kobolds
  7 rats
93 creatures vanquished.

Vanquished Creatures (others)
  26 plants
26 creatures vanquished.

Grand Total: 119 creatures vanquished

Notes
Turn   | Place    | Note
-------+----------+-------------------------------------------
     0 | D:1      | hikkokomori the Formicid Fighter began the quest for the
                  | Orb.
     0 | D:1      | Reached XP level 1. HP: 18/18 MP: 1/1
    95 | D:1      | Reached XP level 2. HP: 21/24 MP: 2/2
   436 | D:1      | Reached skill level 4 in Shields
   436 | D:1      | Reached XP level 3. HP: 24/29 MP: 3/3
   737 | D:1      | Found a faded altar of an unknown god.
   996 | D:2      | Reached XP level 4. HP: 18/37 MP: 4/4
  1271 | D:2      | Noticed Robin
  1481 | D:2      | Killed Robin
  1586 | D:2      | Found the +9 heavy crossbow "Sniper" {vorpal, Acc+∞ SInv}
  1633 | D:2      | Reached XP level 5. HP: 42/42 MP: 5/5
  2226 | D:3      | Noticed Sigmund
  2491 | D:3      | Killed Sigmund
  2492 | D:3      | Reached skill level 1 in Crossbows
  2492 | D:3      | Reached skill level 5 in Shields
  2492 | D:3      | Reached XP level 6. HP: 31/49 MP: 6/6
  2874 | D:4      | Noticed an ogre
  2904 | D:4      | HP: 1/50 [ogre (29)]
  2938 | D:4      | Demolished by an ogre

Illustrated notes

Levels and vault maps discovered:
D:1:      dpeg_arrival_arbitrary_c, layout_basic,
          dreamdust_ecumenical_altar_grove
D:2:      layout_basic, uniq_robin
D:3:      wad_woods_pond, layout_rooms, roderic_batcave, uniq_sigmund
D:4:      nicolae_cairo_tiling_large, layout_loops_corners

Skill      XL: |  1  2  3  4  5  6 |
---------------+-------------------+-----
Shields        | 4 5 |  5.2
Fighting       | 4 |  4.8
Armour         | 4 |  4.7
Crossbows      | 1 2 |  2.0
Axes           | |  2.9

Action                   |  1- 3 |  4- 6 || total
-------------------------+-------+-------++-------
Melee: War axe           |   109 |   150 ||   259
 Abil: Dig               |     1 |       ||     1
  Use: Scroll            |       |     5 ||     5
       Potion            |       |     1 ||     1
Armor: Scale mail        |    48 |       ||    48
       Ring mail         |     9 |    61 ||    70
Dodge: Dodged            |    44 |   100 ||   144
Block: Buckler           |    31 |    41 ||    72
